AoeStats
← warchickens

Hideout

508989719Analyzed
1v1 RM · 7d ago on Sep 25, 2026· 23m 30s· 2 players
Game mode
Random Map
Map size
Tiny (2 player)
Population
200
Speed
Normal
Resources
Standard
Victory
Conquest
Starting age
Dark Age
Ending age
Imperial Age
RankedLock teamsTeams togetherTeam positionsShared explorationLock speedFull tech treeHidden civsTurbo modeCheats
Victory
Defeat
🇨🇦 Spanish · Canada
1340
+13
🇧🇷 Varangians · Brazil
1266
-13
EDINHO
7:25 Loom
10:35 Feudal Age
14:50 Castle Age
14:36 Forging
20:24 Husbandry
21:14 Fletching
22:18 Wheelbarrow
warchickens
5:11 Loom
10:28 Feudal Age
10:38 Feudal Age
14:38 Castle Age
Connection lost

Rejoining the realm…

Still unreachable

The connection could not be restored.

Session expired

The server has moved on; the page needs a fresh start.